 Dungeon Crawl Stone Soup version 0.22-a0-91-g23542c2 (webtiles) character file.

16 4thArraOfDagon the Skirmisher (level 2, 6/23 HPs)
             Began as a Human Wanderer on Jan 22, 2018.
             Quit the game on level 2 of the Dungeon.
             The game lasted 00:01:47 (381 turns).

4thArraOfDagon the Skirmisher (Human Wanderer)       Turns: 381, Time: 00:01:48

Health: 6/23       AC:  2    Str: 11    XL:     2   Next: 70%
Magic:  5/5        EV: 12    Int: 12    God:
Gold:   48         SH:  0    Dex: 13    Spells: 5/5 levels left

rFire    . . .     SeeInvis .   e - +0 dagger
rCold    . . .     Gourm    .   (no shield)
rNeg     . . .     Faith    .   d - +0 robe
rPois    .         Spirit   .   (no helmet)
rElec    .         Reflect  .   (no cloak)
rCorr    .         Harm     .   (no gloves)
MR       .....                  (no boots)
Stlth    ++........             (no amulet)
HPRegen  0.07/turn              (no ring)
MPRegen  0.09/turn              (no ring)

@: lethally poisoned (6 -> 0)
A: no striking features
a: no special abilities


You were on level 2 of the Dungeon.
You were not hungry.

You visited 1 branch of the dungeon, and saw 2 of its levels.

You collected 48 gold pieces.

Inventory:

Hand Weapons
 e - a +0 dagger (weapon)
Armour
 d - a +0 robe (worn)
Scrolls
 b - a scroll of noise
 g - 2 scrolls of identify
Books
 a - a book of Minor Magic

   Spells                             Type                      Level
   a - Magic Dart                     Conjuration                  1
   b - Blink                          Translocation                2
   c - Call Imp                       Summoning                    2
   d - Slow                           Hexes                        2
   e - Conjure Flame                  Conjuration/Fire             3
   f - Mephitic Cloud                 Conjuration/Poison/Air       3
 c - the Papyrus of the Rocks

   Spells                             Type                      Level
   a - Sandblast                      Earth                        1
   b - Stone Arrow                    Conjuration/Earth            3
Comestibles
 f - 2 rations


   Skills:
 + Level 2.4 Fighting
   Level 1.0 Long Blades
 - Level 1.0 Throwing
 - Level 1.0 Dodging
 - Level 1.0 Stealth
 - Level 2.0 Spellcasting
   Level 1.0 Transmutations
   Level 2.0 Earth Magic


You had 5 spell levels left.
You didn't know any spells.

Dungeon Overview and Level Annotations

Branches:
Dungeon (2/15)

Altars:


Message History

The adder is moderately wounded.
The adder barely misses you.
You closely miss the adder.
The adder is moderately wounded.
The adder bites you.
You are too injured to fight recklessly!
Unknown command.
You miss the adder.
The adder is moderately wounded.
The adder bites you.
* * * LOW HITPOINT WARNING * * *
You are lethally poisoned!
The adder poisons you!
You hit the adder.
The adder is heavily wounded.
* * * LOW HITPOINT WARNING * * *
You feel sick. The adder closely misses you. The adder misses you.
Unknown command.
Unknown command.
Are you sure you want to abandon this character and quit the game? (Confirm with "yes".)

..# ..# ..# ### #
#############
w...........#
............########
............w.KS@..#
............########
............#
............#
............#
............#
............#
............#
#####+#######


You could see a worm, an adder and a kobold.

Vanquished Creatures
  A leopard gecko (D:2)
  2 giant cockroaches
  A hobgoblin (D:1)
  3 jackals (D:1)
  A bat (D:1)
  2 frilled lizards (D:2)
  2 goblins (D:1)
  A kobold (D:2)
  A rat (D:1)
14 creatures vanquished.

Notes
Turn   | Place    | Note
-------+----------+-------------------------------------------
     0 | D:1      | 4thArraOfDagon the Human Wanderer began the quest for the Orb.
     0 | D:1      | 4thArraOfDagon set off with: a book of Minor Magic, a potion of lignification, the Papyrus of the Rocks, a +0 robe, a +0 dagger, a ration
     0 | D:1      | Reached XP level 1. HP: 15/15 MP: 3/3
     0 | D:1      | Identified the Papyrus of the Rocks
    91 | D:1      | Reached XP level 2. HP: 10/22 MP: 5/5
   360 | D:2      | Thaneod: jaka jest moc ludzi?
   381 | D:2      | 4thArraOfDagon: moc?
   381 | D:2      | Quit the game

Vault maps used:
D:1:      lightli_arrival_isolated_outpost, serial_forest,
          infiniplex_forest_clump_small, infiniplex_forest_end_2,
          infiniplex_forest_diagonal, infiniplex_forest_clump_double,
          infiniplex_forest_clump_double, infiniplex_forest_split,
          infiniplex_forest_clump_medium
D:2:      nicolae_overflow_crystal_walls, first_ration, grunt_decor_one_mirror

Skill      XL: |  1  2 |
---------------+-------+-----
Fighting       | 2 |  2.4
Long Blades    | |  1.0
Throwing       | |  1.0
Dodging        | |  1.0
Stealth        | |  1.0
Spellcasting   | |  2.0
Transmutations | |  1.0
Earth Magic    | |  2.0

Action                   || total
-------------------------++-------
Melee: Dagger            ||    91
  Use: Potion            ||     2
       Scroll            ||     1
 Stab: Sleeping          ||     1
Armor: Robe              ||    18
       Skin              ||    33
Dodge: Dodged            ||    34

Table legend:
 A = Spawn XP
 B = Non-spawn XP
 C = Spawn XP percentage of total XP
 D = Spawn monster count
 E = Non-spawn monster count
 F = Spawn count percentage of total count
 G = Total turns spent on level
                    A         B        C        D         E        F      G
               +---------+---------+-------+---------+---------+-------+---------
         Total |       0 |      23 |   0.0 |       0 |      14 |   0.0 |   381
               +---------+---------+-------+---------+---------+-------+---------
           D:1 |       0 |      15 |   0.0 |       0 |       9 |   0.0 |   175
           D:2 |       0 |       8 |   0.0 |       0 |       5 |   0.0 |   206
               +---------+---------+-------+---------+---------+-------+---------
